 Dungeon Crawl Stone Soup version 0.28.0-53-g5a82cb258f (webtiles) character file.

Game seed: 13286020233127230865

122 nickcage the Chopper (level 4, -5/37 HPs)
             Began as a Minotaur Gladiator on June 27, 2022.
             Slain by Sigmund
             ... wielding a +0 vampiric scythe
              (8 damage)
             ... on level 3 of the Dungeon.
             The game lasted 00:04:05 (2169 turns).

nickcage the Chopper (Minotaur Gladiator)           Turns: 2169, Time: 00:04:05

Health: -5/37      AC:  7    Str: 20    XL:     4   Next: 78%
Magic:  3/3        EV: 10    Int:  5    God:
Gold:   58         SH:  0    Dex: 12    Spells: 3/3 levels left

rFire   . . .      SeeInvis .   a - +0 war axe
rCold   . . .      Faith    .   (no shield)
rNeg    . . .      Spirit   .   m - +0 scale mail
rPois   .          Reflect  .   c - +0 hat
rElec   .          Harm     .   (no cloak)
rCorr   .          Rampage  .   i - +0 pair of gloves
Will    .....                   (no boots)
Stlth   ..........              (no amulet)
HPRegen 0.12/turn               (no ring)
MPRegen 0.08/turn               (no ring)

@: no status effects
A: horns 2, retaliatory headbutt
a: no special abilities


You were on level 3 of the Dungeon.
You visited 1 branch of the dungeon, and saw 3 of its levels.

You collected 58 gold pieces.

Inventory:

Hand Weapons
 a - a +0 war axe (weapon)
Missiles
 d - 3 throwing nets (quivered)
Armour
 b - a +0 leather armour
 c - a +0 hat (worn)
 h - a +0 ring mail
 i - a +0 pair of gloves (worn)
 m - a +0 scale mail (worn)
Scrolls
 f - a scroll of identify {unknown}
 k - a scroll of vulnerability {unknown}
 l - a scroll of blinking {unknown}
 n - a scroll of enchant weapon {unknown}
 p - 3 scrolls of amnesia {unknown}
 q - a scroll of magic mapping {unknown}
 r - a scroll of acquirement {unknown}
 s - a scroll of summoning {unknown}
Potions
 e - 2 potions of curing
 g - a potion of haste {unknown}
 j - a potion of might {unknown}
 o - a potion of mutation {unknown}


   Skills:
 - Level 2.4 Fighting
 + Level 6.7 Axes
 - Level 2.0 Throwing
 - Level 3.2 Dodging


You had 3 spell levels left.
You didn't know any spells.
Your spell library contained the following spells:

 Spells                   Type           Power      Damage    Failure   Level
 Static Discharge         Conj/Air       0%         N/A       94%         2
 Lightning Bolt           Conj/Air       0%         1d11      100%        5
 Maxwell's Capacitive Co  Air            0%         ∞         100%        8


Dungeon Overview and Level Annotations

Branches:
Dungeon (3/15)

Altars:
Trog

Shops:
D:2 :

Annotations:
D:3 Sigmund


Innate Abilities, Weirdness & Mutations

You have a pair of horns on your head.
You reflexively headbutt those who attack you in melee.


Message History

You barely miss the frilled lizard.
The frilled lizard bites you but does no damage.
You slash the frilled lizard!
You kill the frilled lizard!
No target in view!
You see here a +0 scale mail.
Found 13 bolts.
You pick up a book of Lightning and begin reading...
You add the spells Static Discharge, Lightning Bolt and Maxwell's Capacitive Coupling to your library.
s - a scroll labelled YGESHRY BOSKE You open the door.
Sigmund the Dreaded comes into view.
He is wielding a +0 vampiric scythe.
Level annotation: Sigmund Welcome back, nickcage the Minotaur Gladiator.
Press ? for a list of commands and other information.
Found 14 arrows.
Sigmund casts a spell at you.
You are confused.
You are too confused!
Sigmund mumbles some strange words.
Sigmund flickers and vanishes!
Deactivating autopickup; reactivate with Ctrl-A.
Something hits you!
You slash something! Something hits you but does no damage.
You miss something. Something hits you. Something hits you but does no damage.
You feel less confused. Something hits you.
You closely miss something. You headbutt something. You miss something.
You headbutt something.
You hear some strange, mumbled words.
A puff of flame appears from out of thin air!
The puff of flame hits you. Something hits you but does no damage.
You miss something. You barely miss something. Something hits you.
* * * LOW HITPOINT WARNING * * *
You barely miss something. Something hits you!
* * * LOW HITPOINT WARNING * * *
You hit something. Something hits you!
You die...

#...# #.# #......))....
#...###.## ###.#.##.####
.....#....#######...##.#
#
###..##....'......#...#.#
# ... #....######.....#.#
#....# #.......### #....#
#.#.......# #....###
#.#..#..#.## #....@.#
#......... ###.{..#
#.#.#..##. #....#
#.......#. #....#
####....#. #....# #......
.(...# #.###..##. ..###.#
#......##. ##. #.#
##+####.##. #. .#
#.....#.##.


There were no monsters in sight!

Vanquished Creatures
  Jessica (D:3)
  3 adders
  2 worms (D:2)
  6 orcs
  6 ball pythons
  7 endoplasms
  2 giant cockroaches
  3 goblins
  8 hobgoblins
  2 quokkas
  3 bats
  2 frilled lizards
  3 kobolds
  5 rats
53 creatures vanquished.

Notes
Turn   | Place    | Note
-------+----------+-------------------------------------------
     0 | D:1      | nickcage the Minotaur Gladiator began the quest for the
                  | Orb.
     0 | D:1      | Reached XP level 1. HP: 18/18 MP: 0/0
    42 | D:1      | Reached skill level 4 in Axes
    51 | D:1      | Reached XP level 2. HP: 18/25 MP: 1/1
   649 | D:2      | Found Xate's Book Shop.
   660 | D:2      | HP: 1/25 [worm (8)]
  1020 | D:2      | Reached skill level 5 in Axes
  1020 | D:2      | Found a bloodstained altar of Trog.
  1027 | D:2      | Reached XP level 3. HP: 30/30 MP: 2/2
  1055 | D:2      | Found a faded altar of an unknown god.
  1553 | D:2      | Reached skill level 6 in Axes
  1553 | D:2      | Reached XP level 4. HP: 37/37 MP: 3/3
  1752 | D:3      | Noticed Jessica
  1764 | D:3      | Killed Jessica
  2154 | D:3      | Noticed Sigmund
  2169 | D:3      | Slain by Sigmund

Illustrated notes

Levels and vault maps discovered:
D:1:      wheals_arrival_shading, layout_rooms, chequers_serial_rivers_small_b,
          minmay_distorted
D:2:      layout_rooms, serial_shops, shop, basic_altar,
          hellmonk_ecumenical_altar_blasted
D:3:      layout_basic, nicolae_ru_great_annihilating_truth,
          mainiacjoe_overflow_chevrons, uniq_sigmund, uniq_jessica

Skill      XL: |  1  2  3 |
---------------+----------+-----
Axes           | 4 5 6 |  6.7
Fighting       | |  2.4
Throwing       | |  2.0
Dodging        | |  3.2

Action                   |  1- 3 |  4- 6 || total
-------------------------+-------+-------++-------
Melee: War axe           |    89 |    36 ||   125
       Headbutt          |     8 |     6 ||    14
Armor: Leather armour    |     4 |       ||     4
       Scale mail        |    23 |    10 ||    33
       Ring mail         |     3 |       ||     3
Dodge: Dodged            |    36 |    17 ||    53
